 Dungeon Crawl Stone Soup version 0.27.1-33-g824d729ab1 (webtiles) character file.

Game seed: 16397399203008266877

455 sking99 the Chiller (level 7, -2/67 HPs)
             Began as an Ogre Ice Elementalist on Dec 8, 2021.
             Was an Initiate of Kikubaaqudgha.
             Slain by Menkaure (9 damage)
             ... on level 5 of the Dungeon.
             The game lasted 00:13:36 (5363 turns).

sking99 the Chiller (Ogre Ice Elementalist)         Turns: 5363, Time: 00:13:37

Health: -2/67      AC: 10    Str: 13    XL:     7   Next: 5%
Magic:  22/22      EV:  9    Int: 18    God:    Kikubaaqudgha [......]
Gold:   223        SH:  0    Dex:  9    Spells: 3/14 levels left

rFire    . . .     SeeInvis .   d - +3 dagger (protect)
rCold    . . .     Faith    .   (no shield)
rNeg     . . .     Spirit   .   a - +0 robe
rPois    .         Reflect  .   (helmet restricted)
rElec    .         Harm     .   p - scarf {+Inv}
rCorr    .         Rampage  .   (gloves unavailable)
Will     .....                  (boots unavailable)
Stlth    +.........             (no amulet)
HPRegen  0.21/turn              m - ring of magical power
MPRegen  0.18/turn              (no ring)

@: under a protective aura
A: large, unfitting armour, tough skin 1
a: Renounce Religion, Evoke Invisibility


You were on level 5 of the Dungeon.
You worshipped Kikubaaqudgha.
Kikubaaqudgha was noncommittal.
You visited 2 branches of the dungeon, and saw 6 of its levels.

You collected 223 gold pieces.

Inventory:

Hand Weapons
 d - a +3 dagger of protection (weapon)
Armour
 a - a +0 robe (worn)
 p - a scarf of invisibility (worn)
Jewellery
 m - a ring of magical power (left hand)
Wands
 n - a wand of polymorph (8)
Scrolls
 e - 6 scrolls of identify {unknown}
 h - a scroll of teleportation {unknown}
 i - a scroll of enchant weapon {unknown}
 k - a scroll of fog {unknown}
 o - a scroll of vulnerability {unknown}
Potions
 b - 2 potions of lignification {unknown}
 c - a potion of degeneration {unknown}
 f - a potion of haste {unknown}
 g - a potion of berserk rage {unknown}
 j - 3 potions of brilliance {unknown}
 l - a potion of flight {unknown}
 q - a potion of might {unknown}


   Skills:
 - Level 3.4 Fighting
 - Level 1.7 Dodging
 - Level 1.4 Stealth
 - Level 4.0 Spellcasting
 + Level 1.4 Conjurations
 + Level 1.4 Necromancy
 * Level 5.8 Ice Magic


You had 3 spell levels left.
You knew the following spells:

 Your Spells              Type           Power      Damage    Failure   Level
a - Freeze                Ice            96%        1d11      1%          1
b - Frozen Ramparts       Ice            48%        1d6       4%          3
c - Ozocubu's Armour      Ice            24%        N/A       4%          3
d - Hailstorm             Conj/Ice       16%        3d6       32%         4

Your spell library contained the following spells:

 Spells                   Type           Power      Damage    Failure   Level
 Call Canine Familiar     Summ           3%         N/A       41%         3
 Portal Projectile        Hex/Tloc       6%         N/A       41%         3
 Leda's Liquefaction      Hex/Erth       1%         N/A       82%         4


Dungeon Overview and Level Annotations

Branches:
Dungeon (5/15)             Temple (1/1) D:4

Altars:
Ashenzari
Hepliaklqana
Kikubaaqudgha
Nemelex Xobeh
Okawaru
Qazlal
Uskayaw
Wu Jian
Yredelemnul
The Shining One

Shops:
D:3 *

Annotations:
D:3 3 runed translucent doors, Arnot's ghost, amateur GrFi
D:5 Menkaure


Innate Abilities, Weirdness & Mutations

You are too large for most types of armour.
You have tough skin. (AC +1)


Message History

Menkaure barely misses you.
Press: ? - help, v - describe, . - travel
Here: Menkaure The floor.
You hit Menkaure but do no damage. You barely miss Menkaure. Menkaure hits you!
You hit Menkaure but do no damage. Menkaure closely misses you.
You hit Menkaure.
Menkaure is lightly damaged.
Menkaure hits you!
You hit Menkaure.
Menkaure is lightly damaged.
Menkaure calls on the powers of darkness!
Your body is wracked with pain!
You hit Menkaure.
Menkaure is moderately damaged.
You hit Menkaure.
Menkaure is moderately damaged.
Menkaure casts a spell.
Menkaure seems to speed up.
You hit Menkaure.
Menkaure is heavily damaged.
Menkaure hits you but does no damage.
You hit Menkaure.
Menkaure is heavily damaged.
Menkaure barely misses you. Menkaure hits you!
* * * LOW HITPOINT WARNING * * *
You hit Menkaure.
Menkaure is heavily damaged.
Menkaure hits you.
* * * LOW HITPOINT WARNING * * *
You barely miss Menkaure.
Menkaure is heavily damaged.
Menkaure hits you.
* * * LOW HITPOINT WARNING * * *
You barely miss Menkaure.
Menkaure is heavily damaged.
Menkaure hits you!
You die...
Kikubaaqudgha rasps: "You have failed me!
Welcome... death!"

#...## ..... ##.##
#.# #.# #.# #.# #.#
#.##################
#...........@.......
#.#...#...#.M.#...#.
#...................
###...#...#...#...#.
#..................
###################


You could see Menkaure (fast).

Vanquished Creatures
  A scorpion (D:5)
  A water moccasin zombie (D:5)
  A howler monkey (D:4)
  A crimson imp (D:3)
  A bullfrog zombie (D:5)
  A hound (D:5)
  An iguana (D:4)
  Ijyb (D:4)
  A hound skeleton (D:5)
  A howler monkey skeleton (D:5)
  2 adders
  A white imp (D:4)
  An adder skeleton (D:4)
  4 worms
  4 dart slugs
  2 orcs (D:5)
  A bat (D:1)
  6 endoplasms
  5 giant cockroaches
  5 goblins
  5 hobgoblins
  3 jackals (D:1)
  2 quokkas (D:2)
  9 ball pythons
  6 frilled lizards
  2 goblin skeletons (D:3)
  2 goblin zombies (D:3)
  4 hobgoblin zombies (D:3)
  A kobold (D:3)
  2 kobold skeletons (D:3)
  2 orc zombies (D:3)
  6 rats
85 creatures vanquished.

Notes
Turn   | Place    | Note
-------+----------+-------------------------------------------
     0 | D:1      | sking99 the Ogre Ice Elementalist began the quest for the
                  | Orb.
     0 | D:1      | Reached XP level 1. HP: 16/16 MP: 3/3
   224 | D:1      | Reached XP level 2. HP: 26/26 MP: 1/5
   228 | D:1      | Reached skill level 1 in Fighting
   511 | D:1      | Reached skill level 4 in Ice Magic
   703 | D:1      | Reached XP level 3. HP: 32/33 MP: 4/7
   841 | D:2      | Learned a level 3 spell: Frozen Ramparts
   845 | D:2      | Learned a level 3 spell: Ozocubu's Armour
  2160 | D:3      | Found Datha's General Store.
  2374 | D:3      | Found a glowing golden altar of the Shining One.
  2395 | D:3      | Reached XP level 4. HP: 42/42 MP: 5/8
  3016 | D:3      | Found a runed translucent gate.
  3016 | D:3      | Found a runed translucent gate.
  3017 | D:3      | Noticed Arnot's ghost (amateur GrFi)
  3021 | D:3      | Found a runed translucent gate.
  3112 | D:3      | Reached XP level 5. HP: 45/50 MP: 6/10
  3149 | D:3      | Found a faded altar of an unknown god.
  3726 | D:4      | Noticed Ijyb
  3748 | D:4      | Killed Ijyb
  3749 | D:4      | Reached skill level 5 in Ice Magic
  4014 | D:4      | Reached XP level 6. HP: 61/61 MP: 11/11
  4261 | D:4      | Found a staircase to the Ecumenical Temple.
  4457 | Temple   | Entered the Ecumenical Temple
  4690 | Temple   | Became a worshipper of Kikubaaqudgha
  4737 | D:4      | Learned a level 4 spell: Hailstorm
  4738 | D:5      | Entered Level 5 of the Dungeon
  4842 | D:5      | Reached skill level 1 in Conjurations
  4842 | D:5      | Reached skill level 1 in Necromancy
  5109 | D:5      | Reached XP level 7. HP: 30/67 MP: 7/13
  5346 | D:5      | Noticed Menkaure
  5363 | D:5      | Slain by Menkaure

Illustrated notes

Levels and vault maps discovered:
D:1:      mushboom_english_gardens, layout_basic, minmay_pentomino_p4
D:2:      layout_loops_ring
D:3:      minmay_inner_zag, layout_loops_ring, nicolae_tso_besieged_by_evil,
          serial_shops, shop_statue, chequers_ecumenical_altar_island,
          ebering_ghost_rock_garden, hangedman_decor_growths
D:4:      layout_cave_pods, temple_doors_cd, uniq_ijyb
D:5:      layout_cave_pools, lemuel_coloured_pillars_altar, serial_bayou_pond_b,
          uniq_menkaure
Temple:   jpeg_temple_island

Skill      XL: |  1  2  3  4  5  6 |
---------------+-------------------+-----
Fighting       | 1 2 3 |  3.4
Ice Magic      | 4 5 |  5.8
Spellcasting   | 3 4 |  4.0
Conjurations   | 1 |  1.4
Necromancy     | 1 |  1.4
Dodging        | |  1.7
Stealth        | |  1.4

Action                   |  1- 3 |  4- 6 |  7- 9 || total
-------------------------+-------+-------+-------++-------
Melee: Unarmed           |     2 |    11 |       ||    13
       Dagger            |    22 |   140 |    25 ||   187
 Cast: Freeze            |    74 |    41 |       ||   115
       Frozen Ramparts   |     1 |     4 |       ||     5
       Ozocubu's Armour  |     1 |     4 |       ||     5
 Stab: Confused          |       |     1 |       ||     1
Armor: Robe              |    21 |    84 |     7 ||   112
       Skin              |       |     2 |       ||     2
Dodge: Dodged            |    31 |    59 |     8 ||    98
